Map: Dusk Towers

Players

llllllllllll

  • Race: Terran Terran
  • League: Master

Pokebunny - Winner!

  • Race: Terran Terran
  • League: Grandmaster

VOD

Have the link to the VOD?

Description

Time

  • Played on: May 28, 2016, 10:45 p.m.
  • Length: 10:24
Show
View Real Time Build Order
Export as new Build Order

llllllllllll Terran 

Build Orders: Reaper Expand 

Get SALT Encoding   

  12  0:01  SCV  
  13  0:13  SCV  
  14  0:18  Supply Depot  
  14  0:25  SCV  
  15  0:39  SCV  
  15  0:40  Barracks  
  16  0:45  Refinery  
  16  0:51  SCV  
  17  1:03  SCV  
  18  1:15  SCV  
  19  1:28  Reaper  
  19  1:29  Orbital Command  
  20  1:44  Command Center  
  20  1:54  Supply Depot  
  20  1:56  SCV  
  20  2:00  Marine  
  22  2:08  SCV  
  22  2:12  Factory  
  22  2:18  Marine  
  22  2:20  SCV  
  24  2:32  SCV  
  24  2:36  Refinery  
  24  2:38  Marine  
  25  2:44  SCV  
  26  2:56  Starport, SCV  
  26  2:57  Widow Mine, Marine  
  26  2:58  Orbital Command  
  30  3:08  SCV  
  31  3:19  Marine  
  32  3:23  SCV  
  32  3:24  SCV  
  34  3:28  Factory Tech Lab  
  34  3:34  Medivac  
  34  3:35  SCV, Command Center  
  34  3:38  SCV  
  34  3:40  Marine  
  39  3:49  SCV  
  39  3:50  SCV  
  39  3:54  Siege Tank  
  39  3:55  Supply Depot  
  44  3:58  Barracks Tech Lab  
  44  4:02  SCV x2  
  45  4:06  Engineering Bay  
  46  4:10  Supply Depot  
  46  4:17  SCV x2, Viking  
  48  4:20  Marine  
  51  4:33  SCV  
  51  4:34  SCV  
  51  4:37  Marine  
  53  4:44  Siege Tank  
  56  4:46  SCV  
  55  4:55  Marine  
  55  4:58  SCV x2  
  52  5:04  Orbital Command  
  52  5:07  Barracks  
  52  5:12  SCV x2  
  52  5:13  Marine  
  55  5:14  Medivac  
  57  5:24  SCV x2  
  59  5:29  Refinery  
  59  5:31  Marine  
  59  5:36  SCV x2  
  57  5:48  SCV x2  
  57  5:49  Marine  
  59  5:52  Medivac, Barracks  
  59  5:54  Barracks x2  
  59  5:56  Barracks Tech Lab  
  61  5:59  SCV  
  61  6:00  SCV  
  61  6:04  Refinery  
  63  6:09  SCV, Marine  
  65  6:11  SCV  
  65  6:18  Marine  
  67  6:19  SCV  
  67  6:21  SCV  
  67  6:25  Supply Depot, SCV  
  65  6:27  Marine  
  66  6:33  Siege Tank  
  66  6:38  Marine  
  69  6:41  Marine  
  69  6:42  Medivac, Marine  
  69  6:46  Marine  
  69  6:56  Marine  
  69  6:59  Marine x2  
  68  7:04  Marine  
  68  7:05  SCV x2  
  67  7:14  Barracks Tech Lab  
  67  7:17  Marine x2  
  67  7:20  Siege Tank  
  67  7:21  SCV x2  
  71  7:31  Marine  
  71  7:32  Medivac  
  71  7:34  Marine  
  71  7:35  SCV x2  
  71  7:36  SCV  
  67  7:39  Barracks  
  67  7:40  Barracks, Marine x2  
  67  7:41  Supply Depot  
  67  7:42  Stimpack  
  69  7:47  SCV, Bunker  
  69  7:48  Bunker  
  69  7:49  Marine  
  67  7:52  Siege Tank  
  67  7:54  Marine  
  67  7:58  Marine x2  
  71  8:02  Orbital Command  
  72  8:11  Terran Infantry Weapons Level 1  
  71  8:31  Supply Depot  
  71  8:32  Marine x4  
  71  8:33  SCV  
  69  8:34  Marine x2  
  69  8:39  SCV  
  69  8:45  SCV  
  69  8:52  Marine x6  
  77  9:02  Siege Tank  
  75  9:10  Marine x2  
  77  9:20  Supply Depot  
  77  9:21  Supply Depot  
  77  9:22  SCV x2, Marine x4  
  83  9:28  Marine x2  
  71  9:36  Siege Tank  
  56  9:40  Marine x3  
  54  9:46  Marine x2  
  53  9:54  SCV x2  
  53  9:58  Orbital Command, Marine  
Show
View Real Time Build Order
Export as new Build Order

Pokebunny Terran - Winner!

Build Orders: Reaper Expand, Bio Tank 

Get SALT Encoding   

  12  0:01  SCV  
  13  0:13  SCV  
  14  0:17  Supply Depot  
  14  0:25  SCV  
  15  0:38  SCV  
  15  0:39  Barracks  
  16  0:43  Refinery  
  16  0:50  SCV  
  17  1:03  SCV  
  18  1:15  SCV  
  19  1:27  Reaper, Orbital Command  
  20  1:39  Command Center  
  20  1:50  Supply Depot  
  20  1:53  SCV  
  21  2:01  Marine  
  21  2:06  Factory  
  21  2:07  SCV  
  23  2:14  Refinery  
  23  2:19  SCV, Marine  
  25  2:36  SCV  
  26  2:40  Barracks Reactor  
  26  2:42  Barracks  
  26  2:52  Starport, Hellion  
  26  2:55  Orbital Command  
  28  2:58  SCV  
  29  3:11  SCV  
  30  3:13  Factory Tech Lab  
  30  3:18  Marine  
  30  3:19  Barracks, Marine  
  32  3:24  SCV  
  32  3:25  SCV  
  33  3:30  Barracks Tech Lab  
  33  3:34  Siege Tank  
  33  3:41  Marine x2  
  36  3:42  Medivac  
  40  3:48  SCV  
  40  3:49  Supply Depot  
  40  3:50  SCV  
  42  3:59  Stimpack, Marine x2  
  42  4:01  Marine  
  45  4:09  SCV  
  46  4:10  Refinery, SCV  
  46  4:14  Barracks Reactor  
  46  4:16  Marine  
  46  4:17  Marine  
  48  4:18  Marine  
  50  4:29  SCV  
  51  4:32  Supply Depot  
  51  4:34  Marine x2  
  51  4:36  Marine  
  54  4:44  SCV  
  54  4:52  SCV, Marine  
  54  4:54  Marine  
  54  4:55  Marine x3  
  54  4:58  SCV  
  57  5:03  Siege Tank  
  57  5:04  SCV  
  57  5:15  Marine x4  
  57  5:16  Starport Reactor  
  57  5:17  SCV  
  62  5:33  SCV  
  62  5:34  Supply Depot  
  62  5:35  Supply Depot  
  62  5:43  SCV, Marine  
  62  5:46  SCV  
  62  5:47  Marine x2  
  62  5:55  Command Center  
  62  5:56  Medivac, Siege Tank, Marine  
  68  5:57  Medivac  
  68  5:59  SCV  
  68  6:00  SCV  
  72  6:04  Combat Shields  
  72  6:06  Marine x2  
  72  6:07  Marine  
  75  6:13  Supply Depot  
  75  6:14  Marine  
  75  6:17  SCV x2  
  78  6:21  Engineering Bay  
  75  6:43  Marine x3  
  75  6:48  Siege Tank  
  75  6:53  SCV x2  
  78  7:07  Marine  
  78  7:08  Marine x2  
  72  7:09  Orbital Command  
  72  7:10  SCV x2  
  72  7:11  Marine x2  
  72  7:12  Medivac x2  
  80  7:22  Supply Depot, Siege Tank, Refinery, SCV x2  
  85  7:25  Marine x2  
  83  7:35  Marine x3  
  86  7:43  Marine x2  
  88  7:46  SCV x2  
  90  7:52  Medivac x2  
  90  7:53  Terran Infantry Weapons Level 1, Marine x3  
  90  7:54  Siege Tank  
  90  7:56  Barracks  
  98  7:58  Barracks  
  98  8:12  Marine  
  98  8:13  Marine x3  
  101  8:23  Marine  
  100  8:30  Siege Tank, Marine x2  
  100  8:31  Marine  
  106  8:35  SCV x2  
  106  8:37  Supply Depot, Marine  
  106  8:39  Medivac  
  106  8:40  Supply Depot  
  108  8:41  Marine  
  109  8:56  Orbital Command  
  109  8:58  Medivac, Marine x6  
  109  9:00  Supply Depot x2  
  109  9:01  Marine  
  109  9:02  SCV x2  
  120  9:16  Marine x4  
  121  9:30  Marine  
  121  9:31  Marine x2  
  118  9:34  Marine x2  
  118  9:35  Siege Tank, Marine  
  118  9:37  SCV x2  
  118  9:38  SCV  
  123  9:51  Marine x2, Viking x2  
  126  9:53  Barracks Reactor  
  126  9:54  Barracks Reactor  
  126  9:58  Armory  
  126  9:59  Engineering Bay  
Tags
 
Add a new tag
Caveats
  • Supply blocks, unpowered buildings, or Contaminate may cause inaccurate times.
  • Supply counts are checked every 10 seconds.